cohdb
Replays
Latest Replays
All Replays
Popular Replays
Top Player Replays
Match Explorer
How It Works
Community
CoH3 Stats
Reddit
Sign in to upload your games and track your stats! →
Sign in with Steam
Match 43941434
Unlisted
Match 43941434
Overview
Messages
Build Orders
End
Construct Section Command Post
Dingo Light Scout Car
Vickers Machine Gun Team
Selects Indian Artillery Battlegroup
Infantry Section
Infantry Section
Selects Artillery Saturation
Construct Platoon Command Post
Construct Field Infirmary
Infantry Section
Selects Off-map Airburst Barrage
6-pounder Anti-tank Gun Team
Construct Company Command Post
Selects BL5.5 Artillery Emplacement
Unlock M3 Grant Medium Tanks
M3 Grant Medium Tank
Off-map Airburst Barrage
Selects Valour
Selects Gurkha Rifles Section
Grenade Package
Nukepapa
Ocelot
farjam4k
SteffenXbox
Janim
SUDAMA.
0
0
Comments
sign in to comment!
No comments posted yet!